 Dungeon Crawl Stone Soup version 0.29-a0-270-g1586fc07ea (webtiles) character file.

Game seed: 18221279959000048704

37 Hubjo the Skirmisher (level 3, -6/29 HPs)
             Began as a Demonspawn Abyssal Knight on Mar 7, 2022.
             Was a Believer of Lugonu.
             Mangled by a gnoll
             ... wielding a +0 halberd
              (8 damage)
             ... on level 2 of the Dungeon.
             The game lasted 00:01:42 (1281 turns).

Hubjo the Skirmisher (Demonspawn Abyssal Knight)    Turns: 1281, Time: 00:01:42

Health: -6/29      AC:  3    Str: 13    XL:     3   Next: 21%
Magic:  5/5        EV: 11    Int: 11    God:    Lugonu [**....]
Gold:   47         SH:  0    Dex: 15    Spells: 3/3 levels left

rFire   . . .      SeeInvis .   a - +1 falchion
rCold   . . .      Faith    .   (no shield)
rNeg    . . .      Spirit   .   b - +0 leather armour
rPois   .          Reflect  .   (no helmet)
rElec   .          Harm     .   (no cloak)
rCorr   .          Rampage  .   (no gloves)
Will    .....                   (no boots)
Stlth   +.........              (no amulet)
HPRegen 0.09/turn               (no ring)
MPRegen 0.09/turn               (no ring)

@: hasted, very quick
A: hooves 1, demonic guardian 1
a: Renounce Religion, Depart the Abyss, Bend Space


You were on level 2 of the Dungeon.
You worshipped Lugonu.
Lugonu was pleased with you.
You visited 1 branch of the dungeon, and saw 2 of its levels.
You visited the Abyss 1 time.

You collected 47 gold pieces.

Inventory:

Hand Weapons
 a - a +1 falchion (weapon)
Armour
 b - a +0 leather armour (worn)
Scrolls
 g - a scroll of teleportation {unknown}
 h - a scroll of blinking {unknown}
 i - a scroll of brand weapon {unknown}
Potions
 c - a potion of haste
 d - a potion of might {unknown}
 e - a potion of lignification {unknown}
 f - a potion of attraction {unknown}


   Skills:
 * Level 3.2 Fighting
 + Level 0.4(1.3) Short Blades
 + Level 1.9(2.0) Long Blades
 + Level 2.0 Armour
 * Level 1.5 Dodging
 + Level 0.5 Spellcasting
 * Level 3.0 Invocations


You had 3 spell levels left.
You didn't know any spells.
Your spell library was empty.

Dungeon Overview and Level Annotations

Branches:
Dungeon (2/15)

Altars:


Innate Abilities, Weirdness & Mutations

You have large cloven feet.
A weak demonic guardian rushes to your aid.


Message History

The gnoll is heavily wounded.
The gnoll barely misses you.
You hit the gnoll.
The gnoll is almost dead.
The gnoll misses you. The gnoll closely misses you.
You hit the gnoll but do no damage.
The gnoll is almost dead.
The gnoll hits you from afar with a +0 halberd!
* * * LOW HITPOINT WARNING * * *
A demonic guardian appears!
The gnoll hits you with a +1 whip of freezing.
* * * LOW HITPOINT WARNING * * *
The gnoll freezes you.
* * * LOW HITPOINT WARNING * * *
You swap places.
The gnoll hits you with a +1 whip of freezing.
* * * LOW HITPOINT WARNING * * *
The gnoll freezes you.
* * * LOW HITPOINT WARNING * * *
The gnoll closely misses you.
Your shadow imp hits the gnoll but does no damage.
The gnoll hits your shadow imp with a +1 whip of freezing.
Your shadow imp hits the gnoll.
Your shadow imp gestures at the gnoll.
The gnoll writhes in agony!
The gnoll dies!
Lugonu accepts your kill.
Your Armour skill increases to level 2!
Your Invocations skill increases to level 3!
You have reached level 3!
Your experience leads to an increase in your attributes!
Increase (S)trength, (I)ntelligence, or (D)exterity?
You feel agile. x2
You feel monstrous as your demonic heritage exerts itself.
Your demonic ancestry asserts itself...
Your feet thicken and deform.
It was a potion of haste.
You feel yourself speed up.
Your shadow imp hits the gnoll.
The gnoll hits you with a +0 halberd!
You die...

#># #. #.# #. #.# #.
#######.# #. #.) ..#.# #.
#.# #.#.# ######.####.#
#.#.#
............###.#.########
#)5g@................
##.################## #.#
#l##### #g....#
#......).##.# #.#####...#
# ...... ## ....#!# ##.


You could see a gnoll (ally target) and a friendly shadow imp (summoned).

Vanquished Creatures
  A gnoll (D:2)
  A dart slug (D:1)
  An endoplasm (D:1)
  2 hobgoblins
  2 jackals (D:1)
  A quokka (D:1)
  A ball python (D:1)
  2 frilled lizards
  3 kobolds (D:1)
  A rat (D:1)
15 creatures vanquished.

Vanquished Creatures (collateral kills)
  A gnoll (D:2)
1 creature vanquished.

Grand Total: 16 creatures vanquished

Notes
Turn   | Place    | Note
-------+----------+-------------------------------------------
     0 | Abyss:1  | Hubjo the Demonspawn Abyssal Knight began the quest for the
                  | Orb.
     0 | Abyss:1  | Reached XP level 1. HP: 18/18 MP: 2/2
     2 | Abyss:1  | Found a corrupted altar of Lugonu.
   105 | Abyss:1  | Noticed a small abomination
   105 | Abyss:1  | Noticed a starcursed mass
   106 | Abyss:1  | Noticed a wretched star
   108 | D:1      | Escaped the Abyss
   318 | D:1      | Reached skill level 1 in Dodging
   497 | D:1      | Gained mutation: A weak demonic guardian rushes to your
                  | aid. [demonic ancestry]
   497 | D:1      | Reached XP level 2. HP: 20/24 MP: 4/4
   636 | D:1      | Reached ** piety under Lugonu
  1280 | D:2      | Discovered your monstrous ancestry.
  1280 | D:2      | Gained mutation: You have large cloven feet. [demonic
                  | ancestry]
  1280 | D:2      | Reached XP level 3. HP: 2/29 MP: 5/5
  1281 | D:2      | Mangled by a gnoll

Illustrated notes

Levels and vault maps discovered:
D:1:      dpeg_arrival_rhombus, layout_basic
D:2:      layout_loops_ring, grunt_ministairs_7, minmay_misc_feat_tower,
          uniq_sigmund

Skill      XL: |  1  2 |
---------------+-------+-----
Dodging        | 1 |  1.5
Armour         | 2 |  2.0
Invocations    | 3 |  3.0
Fighting       | |  3.2
Short Blades   | |  0.4
Long Blades    | |  1.9
Spellcasting   | |  0.5

Action                   || total
-------------------------++-------
Melee: Falchion          ||    53
Invok: Depart the Abyss  ||     1
  Use: Potion            ||     1
Armor: Leather armour    ||     9
Dodge: Dodged            ||    47

Table legend: (Time is in decaauts)
 A = Elapsed time spent in this place.
 B = Non-inter-level travel time spent in this place.
 C = Inter-level travel time spent in this place.
 D = Time resting spent in this place.
 E = Time spent auto-exploring this place.
 F = Levels seen in this place.
 G = Mean time per level.
                   A        B        C        D        E       F      G
               +--------+--------+--------+--------+--------+-----+--------+
         Total |   1291 |   1291 |      0 |      0 |   1121 |   3 |  430.3 |
       Dungeon |   1183 |   1183 |      0 |      0 |   1018 |   2 |  591.5 |
         Abyss |    108 |    108 |      0 |      0 |    103 |   1 |  108.0 |
               +--------+--------+--------+--------+--------+-----+--------+

Top non-repeatable levels by time:
     D:1: 1083 daAuts
 Abyss:1: 108 daAuts
     D:2: 99 daAuts
